[Event "Uralsk-ch Women 2019"]
[Site "Khanty-Mansiysk"]
[Date "2019.03.19"]
[Round "8.1"]
[White "Vinokur, Yuliya"]
[Black "Kabanova, Ekaterina"]
[Result "1-0"]
[ECO "A56"]
[WhiteElo "2076"]
[BlackElo "2086"]
[Annotator "NA RC"]
[PlyCount "93"]
[EventDate "2019.03.12"]
[EventType "swiss"]
[EventCountry "RUS"]
[SourceTitle "playchess.com"]
[Source "ChessBase"]
[SourceQuality "1"]
[TimeControl "5400+30"]

1. d4 Nf6 2. c4 c5 3. d5 e5 4. Nc3 d6 {[%emt 0:02:46] LiveBook: 2513 Games} 5. e4 Be7 6. Bd3 O-O 7. Nge2 Nbd7 8. Ng3 {[%emt 0:05:11] A56: Czech Benoni} (8. O-O Ne8 9. a3 Bg5 10. b4 Bxc1 11. Qxc1 b6 12. Rb1 cxb4 13. axb4 a5 14. Qc2 axb4 15. Rxb4 Nc5 16. Na4 Bd7 17. Nxb6 Ra3 18. Nc3 Nf6 19. Rfb1 {1-0 (54) Anand,V (2801)-Korotylev,A (2600) Moscow 2007}) 8... Ne8 9. h4 Ndf6 10. Nf5 Bxf5 11. exf5 e4 $146 ({Predecessor:} 11... b5 12. Nxb5 e4 13. Bc2 h5 14. Nc3 e3 15. Bxe3 Ng4 {1-0 (38) Bertok,M (2375)-Koch,R Reggio Emilia 1982}) 12. Bxe4 ({Don't play} 12. Nxe4 $6 Nxe4 13. Bxe4 b5 $11) ({White should try} 12. Be2) 12... Nxe4 13. Nxe4 Nf6 14. Ng5 (14. Nc3 $16) 14... b5 15. b3 bxc4 16. bxc4 h6 17. Be3 (17. Nf3 $11) 17... Nd7 ({And not} 17... hxg5 18. hxg5 Re8 19. Kf1 $16 (19. gxf6 Bxf6 20. Qh5 Kf8 $16)) ({Black should play} 17... Rb8 $15) 18. Nf3 Bf6 19. Rc1 Rb8 20. g4 ({White should try} 20. Kf1 $14) 20... Re8 21. Kf1 Bb2 22. Rc2 Qe7 23. Nd2 (23. Qd3 $14) 23... Bd4 24. Bf4 Qf6 (24... Ne5 $11 25. Kg2 Nd3) 25. Qf3 (25. Kg2 $16) 25... Rb6 (25... Be5 $1 $11 {remains equal.}) 26. Kg2 Qe7 27. g5 Kh7 $1 $11 28. Qh5 Qe2 29. Qf3 (29. g6+ $16 fxg6 30. Qxg6+ {[%mdl 64] Double Attack} Kg8 31. Nf3 Qxc2 32. Qxe8+ {[%mdl 64] Double Attack} Nf8 33. Nxd4 cxd4 34. f6 Qg6+ 35. Qxg6 Nxg6 36. Bg3) 29... h5 $2 30. Bg3 f6 31. Qxe2 Rxe2 32. Kf3 Re8 33. Ne4 Be5 34. Re1 Reb8 (34... fxg5 $16 {might work better.} 35. Nxg5+ (35. hxg5 Rf8 $14) 35... Kg8) 35. Bxe5 Nxe5+ 36. Kg2 fxg5 37. hxg5 ({Weaker is} 37. Nxg5+ Kg8 $16) 37... Nd3 $2 (37... Rf8 {keeps fighting.} 38. f6 Ng6) 38. Re3 Nb4 39. Rce2 Rf8 40. Rf3 Na6 41. Re1 Kg8 42. Rh1 Rb4 43. Nxd6 (43. g6 $142 Rd8 44. Rfh3) 43... Rd8 44. f6 g6 45. f7+ Kf8 46. Re1 Nc7 47. Re8+ 1-0

[Event "Uralsk-ch Women 2019"]
[Site "Khanty-Mansiysk"]
[Date "2019.03.19"]
[Round "8.2"]
[White "Mukhina, Jana"]
[Black "Anastasia, Semenova"]
[Result "1-0"]
[ECO "C55"]
[WhiteElo "2038"]
[BlackElo "1747"]
[Annotator "NA RC"]
[PlyCount "43"]
[EventDate "2019.03.12"]
[EventType "swiss"]
[EventCountry "RUS"]
[SourceTitle "playchess.com"]
[Source "ChessBase"]
[SourceQuality "1"]
[TimeControl "5400+30"]

1. e4 e5 2. d4 exd4 3. Nf3 Nc6 4. Bc4 Nf6 5. O-O d5 (5... Nxe4 $11 {remains equal.} 6. Nxd4 d5) 6. exd5 {[%emt 0:01:53] C56: Two Knights: 4 d4 exd4 5 0-0 Nxe4} Na5 $2 ({Better is} 6... Nb4 $14) 7. Qe1+ {[%emt 0:01:12] Double Attack} Be7 8. Qxa5 O-O 9. Nxd4 $146 ({Predecessor:} 9. Bf4 b6 10. Qd2 Nxd5 11. Qxd4 Bb7 12. Bxd5 Bxd5 13. Qd3 Bb7 14. Qxd8 Rfxd8 {1-0 (37) Klimek,M (1681)-Garus,J Gora Sw Anny 2009}) 9... Bd6 10. Nf3 Bg4 11. Nbd2 Ne4 (11... a6 $142 12. Qc3 Re8) 12. Nxe4 Bxf3 13. Nxd6 f5 14. Nxf5 {[%emt 0:03:51] Clearance} Kh8 15. Ng3 Qh4 16. Qc3 Qg4 17. Be3 h5 18. gxf3 Rxf3 19. Be2 {[%emt 0:01:10] Skewer} Raf8 20. Bxf3 Rxf3 21. Qe5 h4 22. Qe8+ $18 1-0

[Event "Uralsk-ch Women 2019"]
[Site "Khanty-Mansiysk"]
[Date "2019.03.19"]
[Round "8.3"]
[White "Garifullina, Leya"]
[Black "Filippova, Darya"]
[Result "1/2-1/2"]
[ECO "B12"]
[WhiteElo "2095"]
[BlackElo "2099"]
[Annotator "NA RC"]
[PlyCount "67"]
[EventDate "2019.03.12"]
[EventType "swiss"]
[EventCountry "RUS"]
[SourceTitle "playchess.com"]
[Source "ChessBase"]
[SourceQuality "1"]
[TimeControl "5400+30"]

1. e4 c6 2. d4 d5 3. e5 Bf5 4. h4 Qc7 5. Nc3 h6 6. g4 {[%emt 0:06:19] B12: Caro-Kann: Advance Variation} Bd7 7. h5 e6 8. f4 c5 9. Nf3 a6 10. Ne2 $146 ({Predecessor:} 10. Be3 cxd4 11. Nxd4 Nc6 12. Qd2 {1-0 (48) Anton Guijarro,D (2627)-Dreev,A (2664) Almaty 2016}) 10... cxd4 11. Nexd4 Bc5 12. c3 Nc6 13. Be3 Ba7 14. Bd3 f6 (14... Nge7 $14) 15. Bg6+ Kd8 16. Qe2 Nge7 17. Bf7 ({White should try} 17. Nxc6+ $16 bxc6 18. Bxa7 (18. Qxa6 Qb8 $16) 18... Rxa7 19. O-O-O) 17... fxe5 18. fxe5 Nxd4 19. Nxd4 Bxd4 20. Bxd4 ({Much worse is} 20. cxd4 Rf8 $17) 20... Rf8 $2 (20... Nc6 $1 $11 21. Bg6 Nxd4 22. cxd4 Rf8) 21. Qe3 Qc4 ({Much worse is} 21... Rxf7 22. Bb6 $18) 22. b3 Qb5 23. Bg6 $2 (23. Bb6+ $18 {is more deadly.} Kc8 24. Rf1) 23... Nxg6 24. hxg6 (24. Bb6+ $16 Kc8 25. hxg6) 24... Rc8 $1 25. Kd2 Be8 26. g5 h5 27. a4 Qxb3 28. Rhb1 Qc4 29. Rxb7 Bxg6 ({Don't blunder} 29... Bxa4 $2 30. Rb4 $18 {[%mdl 64] Double Attack}) 30. Rb4 Qc6 31. Rb6 Qc4 32. Rb4 Qc6 33. Rb6 Qc4 34. Rb4 $11 1/2-1/2

[Event "Uralsk-ch Women 2019"]
[Site "Khanty-Mansiysk"]
[Date "2019.03.20"]
[Round "9.1"]
[White "Mukhina, Jana"]
[Black "Karelina, Viktoriya"]
[Result "1/2-1/2"]
[ECO "C77"]
[WhiteElo "2038"]
[BlackElo "1755"]
[Annotator "NA RC"]
[PlyCount "68"]
[EventDate "2019.03.12"]
[EventType "swiss"]
[EventCountry "RUS"]
[SourceTitle "playchess.com"]
[Source "ChessBase"]
[SourceQuality "1"]
[TimeControl "5400+30"]

1. e4 e5 2. Nf3 Nc6 3. Bb5 a6 4. Ba4 Nf6 5. d3 b5 6. Bb3 Be7 7. a4 Bb7 8. O-O d6 {[%emt 0:02:49] LiveBook: 93 Games} 9. Nc3 Na5 10. Ba2 {[%emt 0:01:03] C84: Closed Ruy Lopez: Unusual White 6th moves} b4 11. Ne2 b3 (11... O-O 12. Ng3 c5 13. Nf5 Bc8 14. N3h4 Ne8 15. Nxe7+ Qxe7 16. Bd5 Qxh4 17. Bxa8 Nc7 18. Bd5 Nxd5 19. exd5 {½-½ (55) Karthikeyan,M (2578)-Bu,X (2711) Liaocheng 2017}) 12. cxb3 c5 13. b4 cxb4 14. Bd2 Nc6 $146 ({Predecessor:} 14... Qb6 15. Be3 Qd8 16. Ng3 O-O 17. Nf5 Bc8 18. Nxe7+ Qxe7 {1-0 (40) Rivera Kuzawka,D (2330)-Salgado Lopez,I (2174) Mondariz 2003}) 15. Qb3 O-O 16. Bxb4 Nxb4 17. Qxb4 Rb8 18. Qd2 h6 19. Ng3 Re8 20. b4 Bf8 21. Rfe1 Bc6 22. Rab1 (22. d4 $16) 22... Qd7 $1 23. a5 Qb7 (23... d5 $1 $11 {remains equal.}) 24. Qd1 (24. Qb2 $16) 24... d5 25. exd5 Bxd5 26. Bxd5 Qxd5 27. Ne4 Nxe4 28. dxe4 Qc4 29. Qd5 Rxb4 30. Rxb4 Qxb4 31. Rd1 Qb2 32. Rd2 Qb1+ 33. Rd1 Qb2 34. Rd2 Qb1+ $11 1/2-1/2

[Event "Uralsk-ch Women 2019"]
[Site "Khanty-Mansiysk"]
[Date "2019.03.20"]
[Round "9.2"]
[White "Filippova, Darya"]
[Black "Vinokur, Yuliya"]
[Result "1-0"]
[ECO "D34"]
[WhiteElo "2099"]
[BlackElo "2076"]
[Annotator "NA RC"]
[PlyCount "95"]
[EventDate "2019.03.12"]
[EventType "swiss"]
[EventCountry "RUS"]
[SourceTitle "playchess.com"]
[Source "ChessBase"]
[SourceQuality "1"]
[TimeControl "5400+30"]

1. d4 d5 2. c4 e6 3. Nc3 c5 4. cxd5 exd5 5. Nf3 Nc6 6. g3 Nf6 7. Bg2 Be7 8. O-O O-O 9. b3 {[%emt 0:01:01] LiveBook: 471 Games} Re8 10. Bb2 Bg4 11. Na4 {[%emt 0:16:41] D30: Queen's Gambit Declined: Systems without Nc3} (11. Rc1 Bxf3 12. Bxf3 cxd4 13. Nb5 Qa5 14. Nxd4 Qxa2 15. Bc3 Qa6 16. Nf5 Rad8 17. Nxe7+ Rxe7 18. Bxf6 gxf6 19. Bxd5 Qxe2 20. Qxe2 Rxe2 21. Bxc6 bxc6 22. Rxc6 {½-½ (22) Adhiban,B (2671)-Ghaem Maghami,E (2537) Hamedan 2018}) 11... Ne4 $146 ({Predecessor:} 11... cxd4 12. Nxd4 Qd7 13. Re1 Bh3 14. Nxc6 bxc6 15. Bf3 h5 16. Qd4 Rab8 17. Nc5 Qf5 18. Rac1 Rb5 {1-0 (70) Holemar,D (2335)-Pisk,P (2322) Marianske Lazne 2004}) 12. Rc1 cxd4 13. Nxd4 Bd7 14. Nc3 Bg5 15. e3 ({And not} 15. Nxd5 Bxc1 16. Bxc1 Qa5 $17) 15... Nxc3 16. Bxc3 Be6 17. Qd2 Qd7 18. Qb2 Ne7 ({Black should try} 18... Bh6) 19. Nxe6 Qxe6 20. Rfd1 Rad8 21. Rd3 Rd7 22. Rcd1 ({But not} 22. Bxg7 $6 Qg6 $14) 22... Red8 23. b4 Nc8 (23... Bf6 $16) 24. h4 Bf6 25. Bxf6 gxf6 26. Kh2 Rd6 27. Rd4 Ne7 28. Qd2 f5 29. b5 Qe5 30. a4 Kf8 31. Qb4 Kg8 32. Qc3 Ng6 $2 (32... Kg7 $16 {was necessary.} 33. Bf3 Qf6) 33. h5 f4 34. hxg6 fxg3+ 35. fxg3 Rxg6 36. e4 Kg7 37. exd5 Rc8 38. Qe1 Qg5 39. Rh4 Rc2 40. Rh3 Rf6 41. Qe4 Rff2 42. Rg1 h6 43. Rh4 f5 44. Qe5+ Kh7 45. d6 Rce2 46. Qd5 Qg7 47. d7 Re3 48. Rh3 1-0

[Event "Uralsk-ch Women 2019"]
[Site "Khanty-Mansiysk"]
[Date "2019.03.20"]
[Round "9.3"]
[White "Kabanova, Ekaterina"]
[Black "Alekseenko, Mariya"]
[Result "1/2-1/2"]
[ECO "A46"]
[WhiteElo "2086"]
[BlackElo "1848"]
[Annotator "NA RC"]
[PlyCount "114"]
[EventDate "2019.03.12"]
[EventType "swiss"]
[EventCountry "RUS"]
[SourceTitle "playchess.com"]
[Source "ChessBase"]
[SourceQuality "1"]
[TimeControl "5400+30"]

1. d4 Nf6 2. Nf3 e6 3. Nc3 d5 4. e3 b6 (4... Be7 5. Bd3 c5 6. O-O O-O 7. b3 Nc6 8. a3 Qc7 9. Bb2 a6 10. Qe2 e5 11. dxe5 Nxe5 12. Nxd5 Nxf3+ 13. Qxf3 Nxd5 14. Qxd5 {1-0 (26) Biljanic,L (2275)-Yudkevich,M (1994) Belgrade 2019}) 5. Bb5+ c6 6. Bd3 {[%emt 0:00:14] D00: 1 d4 d5: Unusual lines} Qc7 $146 ({Predecessor:} 6... Bd6 7. e4 Nbd7 8. e5 Be7 9. exf6 Bxf6 10. O-O {1-0 (20) Philippy,M (356)-Rellias,P (683) IECG email 2004}) 7. Ne5 Nbd7 8. f4 Be7 9. O-O h5 10. Qf3 Bb7 11. Qg3 Ng4 12. h3 (12. a4 $14) 12... Nh6 $1 13. a4 O-O-O (13... h4 $11 {keeps the balance.} 14. Qf3 Nf5) 14. a5 Nxe5 15. fxe5 g5 16. axb6 axb6 17. e4 dxe4 18. Bxe4 $2 (18. Nxe4 $14 {was the only good move.} Nf5 19. Qh2) 18... f5 19. Bd3 f4 20. Qf3 (20. Qf2 $17) 20... Nf5 (20... Rxd4 $19 21. Qxh5 Qxe5) 21. Bxf5 $1 exf5 22. Ne2 c5 23. Ra8+ $1 Kd7 $1 24. Rxd8+ Kxd8 25. Qf2 (25. d5 $15 Qxe5 26. c4) 25... Kc8 26. c3 Rd8 ({Black should try} 26... Rg8 $17 27. Bd2 Kb8) 27. Bd2 (27. h4 $1 $15) 27... Kb8 $2 ({Black should try} 27... h4 $17 28. b4 cxb4 29. cxb4 Kb8) 28. h4 $1 f3 29. gxf3 gxh4 30. Bf4 Qc6 31. Kh2 Rg8 (31... Ba6 $14) 32. Rg1 (32. c4 $16) 32... Rxg1 33. Nxg1 cxd4 34. cxd4 Qd5 35. Qc2 $2 (35. Be3 $11) 35... Qxd4 36. Qxf5 $2 (36. Qd2 $17 Bc5 37. Qxd4 Bxd4 38. b4) 36... Qf2+ 37. Kh1 Bxf3+ 38. Nxf3 Qxf3+ 39. Kh2 {[%emt 0:00:50] [#]} h3 $1 40. e6+ Kb7 41. Qc2 Qxf4+ 42. Kxh3 Qg4+ {[%emt 0:00:59] Double Attack} 43. Kh2 Qxe6 (43... Bd6+ $142 44. Kh1 Qh3+ 45. Kg1 Bc5+ 46. Qxc5 bxc5 47. e7 Qe3+ 48. Kg2 Qxe7 49. Kf3 Qf6+ 50. Ke2 Qxb2+ 51. Ke3 Qd4+ 52. Kf3 c4 53. Ke2 c3 54. Kf3 c2 55. Kg3 c1=Q 56. Kh3 Qh1+ 57. Kg3 h4#) 44. Qg2+ Ka7 45. Qg7 Ka6 46. Qh8 Bd6+ 47. Kg2 Qe4+ 48. Kf2 Bc5+ 49. Kg3 Qg4+ 50. Kh2 Bd6+ 51. Kh1 Qf3+ (51... Qh3+ $142 52. Kg1 Bc5+ 53. Qd4 Bxd4#) 52. Kg1 Bg3 53. Qc8+ Ka5 54. b4+ Kxb4 55. Qc4+ Ka3 56. Qb4+ Ka2 $11 57. Qb2+ Kxb2 1/2-1/2